 Dungeon Crawl Stone Soup version 0.20-a0-1089-g3fde505 (webtiles) character file.

73 sveltemanboy the Slasher (level 4, 0/35 HPs)
             Began as a Demonspawn Monk on May 2, 2017.
             Succumbed to Crazy Yiuf's poison
             ... on level 2 of the Dungeon.
             The game lasted 00:03:19 (1926 turns).

sveltemanboy the Slasher (Demonspawn Monk)          Turns: 1926, Time: 00:03:19

Health: 0/35       AC:  7    Str: 12 (13) XL:     4   Next: 8%
Magic:  4/4        EV:  9    Int: 10 (11) God:
Gold:   70         SH:  0    Dex: 12 (15) Spells: 3/3 levels left

rFire    . . .     SeeInvis .   j - +0 dagger (venom)
rCold    . . .     Gourm    .   (no shield)
rNeg     . . .     Faith    .   p - +0 scale mail
rPois    .         Spirit   .   (helmet restricted)
rElec    .         Reflect  .   (no cloak)
rCorr    .         Harm     .   (no gloves)
MR       .....                  m - +0 pair of boots
Stlth    ..........             (no amulet)
Regen    0.2/turn               (no ring)
MPRegen  0.1/turn               (no ring)

@: lethally poisoned (0 -> -24), drained
A: antennae 1, rot immunity
a: no special abilities


You were on level 2 of the Dungeon.
You were not hungry.

You visited 1 branch of the dungeon, and saw 2 of its levels.

You collected 70 gold pieces.

Inventory:

Hand Weapons
 a - a +0 falchion
 j - a +0 dagger of venom (weapon)
Missiles
 d - 2 throwing nets (quivered)
Armour
 m - a +0 pair of boots (worn)
 p - a +0 scale mail (worn)
Scrolls
 e - a scroll of recharging {unknown}
 g - a scroll of fog {unknown}
 n - a scroll of teleportation {unknown}
 o - a scroll of enchant armour {unknown}
Potions
 f - a potion of lignification {unknown}
 l - a potion of heal wounds {unknown}
Comestibles
 c - a bread ration
 h - a chunk of flesh
 i - 4 fruits
 k - a meat ration


   Skills:
 - Level 3.0(2.7) Fighting
 * Level 4.2(4.0) Long Blades
 + Level 1.0(0.8) Armour
 - Level 2.6(2.4) Dodging
 - Level 1.7(1.5) Stealth


You had 3 spell levels left.
You didn't know any spells.

Dungeon Overview and Level Annotations

Branches:
Dungeon (2/15)

Altars:
The Shining One

Annotations:
D:2 Crazy Yiuf


Innate Abilities, Weirdness & Mutations

You have a pair of small antennae on your head.
You are immune to rotting.


Message History

Crazy Yiuf barely misses you.
You barely miss Crazy Yiuf.
You feel sick.
You closely miss Crazy Yiuf.
You feel sick.
Crazy Yiuf sings, "Trees, trees, trees, circus!"
Crazy Yiuf misses you.
You hit Crazy Yiuf but do no damage.
You feel sick.
Crazy Yiuf hits you with a quarterstaff of chaos.
* * * LOW HITPOINT WARNING * * *
You are more poisoned.
You barely miss Crazy Yiuf.
* * * LOW HITPOINT WARNING * * *
You feel sick.
Crazy Yiuf hits you with a quarterstaff of chaos.
* * * LOW HITPOINT WARNING * * *
You feel drained.
* * * LOW HITPOINT WARNING * * *
It was a potion of degeneration.
There was something very wrong with that liquid.
You feel weakened.
You feel dopey.
You feel clumsy.
You die...

#.# #.# #.#
#.# #.# #.#
### ### #.#
#.# #####
#.# #)..#
#.# #...#
#.# #.g.#
#.# #@#
######.#####
♣.♣♣
#......<....
♣♣.♣
#..##.#.....
♣.♣♣
##.##...###.
♣♣.♣
#.....### #.
♣♣.♣♣
#.....# #.
♣♣...♣
#.....#####.
♣....♣
#...........
##..##
#.....######


You could see Crazy Yiuf.

Vanquished Creatures
  An adder (D:2)
  An ooze (D:1)
  A worm (D:2)
  5 dart slugs
  3 giant cockroaches
  5 goblins
  4 hobgoblins
  5 jackals (D:2)
  2 kobolds
  2 quokkas (D:2)
  8 bats
  A frilled lizard (D:1)
  6 rats
44 creatures vanquished.

Notes
Turn   | Place    | Note
-------+----------+-------------------------------------------
     0 | D:1      | sveltemanboy the Demonspawn Monk began the quest for the Orb.
     0 | D:1      | Reached XP level 1. HP: 18/18 MP: 1/1
    84 | D:1      | Reached skill level 3 in Long Blades
   281 | D:1      | Gained mutation: You are immune to rotting. [demonic ancestry]
   281 | D:1      | Reached XP level 2. HP: 15/24 MP: 2/2
   741 | D:2      | Reached XP level 3. HP: 23/29 MP: 3/3
  1245 | D:2      | Reached skill level 4 in Long Blades
  1284 | D:2      | Reached skill level 1 in Armour
  1513 | D:2      | Found a runed door.
  1686 | D:2      | Gained mutation: You have a pair of small antennae on your head. [demonic ancestry]
  1686 | D:2      | Reached XP level 4. HP: 35/35 MP: 4/4
  1740 | D:2      | Found a glowing golden altar of the Shining One.
  1913 | D:2      | Noticed Crazy Yiuf
  1926 | D:2      | Succumbed to Crazy Yiuf's poison

Vault maps used:
D:1:      dpeg_arrival_ternary
D:2:      minmay_door_path, lemuel_coloured_pillars_altar,
          uniq_crazy_yiuf_cottage

Skill      XL: |  1  2  3 |
---------------+----------+-----
Long Blades    | 3 4 |  4.2
Armour         | 1 |  1.0
Fighting       | |  3.0
Dodging        | |  2.6
Stealth        | |  1.7

Action                   |  1- 3 |  4- 6 || total
-------------------------+-------+-------++-------
Melee: Falchion          |    51 |       ||    51
       Dagger            |    61 |    21 ||    82
  Use: Potion            |       |     1 ||     1
 Stab: Sleeping          |     3 |     1 ||     4
  Eat: Chunk             |     2 |     1 ||     3
Armor: Robe              |     7 |       ||     7
       Leather armour    |    19 |     1 ||    20
       Scale mail        |       |     1 ||     1
Dodge: Dodged            |    73 |     7 ||    80
       Rpst.: Falchion   |    13 |       ||    13
